Map: Acropolis LE

Players

lIlIlIlIlIlI - Winner!

  • Race: Terran Terran
  • League: Grandmaster
  • Spawn Location: 11:00

lIlIlIlIlIlI

  • Race: Zerg Zerg
  • Spawn Location: 5:00

VOD

Have the link to the VOD?

Description

Time

  • Played on: Sept. 13, 2019, 1:40 p.m.
  • Length: 19:33
Show
View Real Time Build Order
Export as new Build Order

lIlIlIlIlIlI Terran - Winner!

Build Orders: Hellion Opening, Reaper Expand, Mech 

Get SALT Encoding   

  12  0:00  SCV  
  13  0:13  SCV  
  14  0:17  Supply Depot  
  14  0:25  SCV  
  15  0:39  SCV  
  15  0:41  Barracks  
  16  0:45  Refinery  
  16  0:51  SCV  
  17  1:03  SCV  
  18  1:15  SCV  
  19  1:28  Orbital Command  
  19  1:29  Reaper  
  20  1:39  Command Center  
  20  1:51  Supply Depot  
  20  1:54  SCV  
  21  2:01  Marine  
  22  2:06  SCV  
  23  2:09  Factory  
  23  2:16  Refinery  
  23  2:18  SCV  
  24  2:22  Barracks Reactor  
  24  2:30  SCV  
  25  2:42  SCV  
  26  2:51  Orbital Command  
  26  2:54  SCV  
  26  2:55  Starport  
  27  3:06  SCV, Hellion x2  
  32  3:17  SCV  
  32  3:18  SCV  
  34  3:21  Supply Depot  
  34  3:28  Hellion x2  
  34  3:29  SCV  
  34  3:30  SCV  
  40  3:34  Fusion Core  
  40  3:39  Starport Tech Lab  
  40  3:41  SCV  
  40  3:43  SCV  
  40  3:45  Supply Depot  
  42  3:50  Hellion x2  
  42  3:53  SCV  
  42  3:55  SCV  
  48  4:05  SCV  
  48  4:07  SCV  
  48  4:09  Command Center  
  50  4:18  SCV  
  50  4:19  SCV  
  50  4:21  Battlecruiser  
  58  4:25  Supply Depot  
  58  4:29  Refinery  
  58  4:30  Refinery  
  58  4:31  SCV  
  58  4:33  SCV  
  60  4:44  Hellion x2  
  62  4:46  SCV x2  
  64  4:55  Factory x2  
  64  4:58  SCV x2  
  66  5:07  Supply Depot  
  66  5:10  SCV x2  
  68  5:21  Orbital Command  
  68  5:22  SCV x2  
  68  5:26  Battlecruiser  
  76  5:30  Command Center  
  76  5:35  SCV  
  77  5:42  Hellion x2  
  79  5:45  SCV  
  79  5:46  Orbital Command  
  79  5:47  SCV  
  79  5:48  Factory Tech Lab x2  
  81  5:51  Engineering Bay  
  82  5:57  SCV  
  82  5:59  SCV  
  82  6:02  Weapon Refit  
  83  6:04  Supply Depot  
  83  6:05  Supply Depot  
  83  6:10  Cyclone  
  87  6:11  Cyclone  
  87  6:18  Missile Turret  
  89  6:19  SCV x2, Missile Turret  
  89  6:21  SCV  
  92  6:26  Widow Mine x2  
  92  6:31  SCV  
  92  6:32  SCV, Missile Turret  
  98  6:33  SCV  
  98  6:37  Refinery  
  98  6:39  Mag-Field Accelerator, Refinery  
  99  6:44  SCV x2, Missile Turret  
  99  6:45  SCV  
  102  6:48  Cyclone  
  102  6:51  Orbital Command  
  105  6:55  Cyclone  
  105  6:56  SCV  
  105  6:57  SCV  
  105  6:58  SCV  
  111  7:05  Battlecruiser  
  117  7:09  SCV x2  
  117  7:10  SCV  
  117  7:13  Missile Turret  
  120  7:18  SCV  
  120  7:21  SCV, Orbital Command  
  120  7:22  SCV  
  124  7:23  Refinery  
  124  7:24  Refinery  
  122  7:30  SCV  
  122  7:33  SCV  
  122  7:34  SCV  
  124  7:42  Siege Tank  
  124  7:46  SCV x2  
  124  7:54  Supply Depot x2  
  124  7:56  Supply Depot  
  124  7:57  Siege Tank, SCV x2  
  129  8:07  SCV  
  129  8:08  SCV  
  129  8:10  SCV, Armory x2  
  132  8:14  Factory  
  132  8:15  Hellion x2  
  132  8:16  Factory, Supply Depot  
  132  8:18  Supply Depot  
  136  8:20  Supply Depot  
  136  8:21  Infernal Pre-Igniter  
  136  8:25  Battlecruiser  
  142  8:33  Siege Tank x2  
  150  8:41  Hellion x2  
  152  8:53  Command Center  
  146  8:58  Terran Vehicle And Ship Armor Level 1, Terran Vehicle Weapons Level 1  
  146  9:01  Missile Turret  
  148  9:03  Hellion  
  148  9:04  Hellion  
  148  9:06  Siege Tank x2  
  148  9:07  Factory Tech Lab, Factory Reactor  
  156  9:14  Missile Turret  
  156  9:23  Sensor Tower  
  156  9:26  Supply Depot  
  156  9:28  Supply Depot  
  156  9:29  Hellion x8  
  156  9:32  Factory  
  156  9:33  Siege Tank  
  156  9:34  Factory  
  156  9:35  Factory  
  156  9:37  Hellion, Missile Turret  
  156  9:38  Siege Tank, Hellion, Cyclone  
  169  9:54  Hellion x2  
  169  9:59  Hellion x2  
  177  10:05  Cyclone  
  180  10:08  Command Center  
  180  10:10  Cyclone x2  
  180  10:11  Command Center  
  180  10:13  Command Center  
  182  10:23  Factory Tech Lab x2, Factory Reactor  
  182  10:26  Hellion  
  182  10:27  Hellion  
  186  10:37  Cyclone  
  186  10:42  Cyclone x2  
  195  10:43  Cyclone, Starport  
  195  10:46  Starport  
  180  10:57  Cyclone  
  142  11:00  Hellion x5  
  142  11:01  Hellion  
  145  11:08  Planetary Fortress  
  145  11:09  Cyclone  
  145  11:10  SCV x2  
  145  11:11  Liberator, SCV x2  
  150  11:14  Cyclone  
  150  11:15  Cyclone  
  150  11:16  Hellion  
  158  11:23  Starport Reactor x2  
  158  11:24  Terran Vehicle Weapons Level 2, Terran Vehicle And Ship Armor Level 2  
  158  11:25  Refinery  
  158  11:26  Orbital Command x2  
  158  11:27  Refinery, Advanced Ballistics  
  158  11:31  Hellion  
  161  11:38  Missile Turret  
  161  11:39  Cyclone, Missile Turret  
  152  11:51  Cyclone x2  
  152  11:52  Cyclone x2  
  164  12:01  Command Center  
  164  12:03  Hellion  
  164  12:04  Hellion  
  183  12:38  Thor x5  
  183  12:41  SCV x5  
  189  12:45  SCV x2  
  191  12:53  Liberator x2, SCV  
  191  12:56  Liberator x2  
  189  13:19  Hellion x2  
  198  13:20  Hellion  
  195  13:28  Orbital Command  
  195  13:30  Hellion x2  
  195  13:33  Cyclone  
  193  13:45  Cyclone x4  
  193  13:47  Hellion  
  199  13:54  Command Center  
  192  14:05  Cyclone  
  192  14:06  Hellion  
  192  14:07  Hellion  
  199  14:11  Hellion x2  
  187  14:17  Cyclone x3  
  187  14:18  Liberator, Cyclone  
  187  14:19  Hellion  
  187  14:20  Liberator x4  
  187  14:21  Hellion  
  173  14:30  Hellion x2  
  165  14:36  Command Center  
  165  14:37  Siege Tank  
  183  14:47  Hellion x2  
  187  14:53  Terran Vehicle Weapons Level 3  
  187  14:54  Terran Vehicle And Ship Armor Level 3  
  187  15:10  Refinery  
  187  15:11  Refinery  
  187  15:19  Siege Tank x2  
  187  15:20  Siege Tank x2  
  199  15:35  Planetary Fortress  
  199  15:55  Liberator x5  
  199  16:03  Command Center  
  199  16:07  Command Center  
  173  16:13  Cyclone x3  
  173  16:14  Cyclone  
  173  16:15  Cyclone  
  173  16:17  Hellion  
  173  16:18  Hellion  
  182  16:19  Hellion x2  
  182  16:25  Hellion  
  175  16:28  Hellion  
  174  16:39  Hellion  
  175  16:40  Hellion  
  175  16:45  Cyclone  
  175  16:46  Cyclone x2  
  178  16:48  Cyclone  
  173  16:54  Hellion x2  
  173  17:06  Missile Turret  
  173  17:08  Cyclone  
  164  17:19  Cyclone x3  
  164  17:20  Cyclone  
  176  17:32  Hellion  
  175  17:40  Cyclone, Orbital Command  
  175  17:42  Planetary Fortress  
  178  17:51  Cyclone x2  
  184  17:53  Liberator x4  
  184  17:54  Refinery x2  
  184  17:56  Cyclone  
  181  18:10  Cyclone  
  181  18:12  Cyclone  
  199  18:18  Liberator  
  199  18:23  Cyclone, Hellion x4  
  190  18:28  Cyclone  
  196  18:42  Cyclone  
  191  18:53  Siege Tank x2  
  191  18:55  Siege Tank  
  200  19:00  Hellion  
  200  19:01  Hellion  
  200  19:02  Hellion  
  200  19:22  Command Center  
Show
View Real Time Build Order
Export as new Build Order

lIlIlIlIlIlI Zerg 

Build Orders: Hatch First 

Get SALT Encoding   

  12  0:01  Drone  
  13  0:12  Overlord  
  13  0:17  Drone  
  14  0:31  Drone x2  
  16  0:50  Hatchery  
  16  0:51  Drone  
  16  0:54  Drone  
  17  0:58  Drone  
  18  1:09  Extractor  
  17  1:14  Spawning Pool  
  17  1:17  Drone  
  17  1:19  Drone  
  18  1:28  Drone  
  19  1:39  Drone  
  20  1:50  Drone  
  21  2:02  Queen x2  
  21  2:03  Zergling x2  
  21  2:04  Zergling x2  
  27  2:13  Drone  
  28  2:19  Hatchery  
  28  2:22  Overlord  
  27  2:27  Drone  
  28  2:31  Metabolic Boost  
  28  2:42  Drone x3  
  31  2:46  Queen  
  31  2:49  Drone  
  34  2:53  Overlord  
  34  2:56  Drone  
  35  2:59  Drone  
  36  3:06  Overlord  
  36  3:15  Drone x4  
  36  3:18  Drone  
  42  3:20  Drone  
  42  3:23  Queen  
  44  3:29  Drone  
  44  3:30  Drone  
  44  3:31  Queen  
  48  3:38  Lair  
  48  3:39  Extractor  
  47  3:43  Drone x2  
  47  3:46  Drone x2  
  47  3:47  Drone  
  52  3:49  Drone  
  52  3:51  Drone  
  54  3:56  Overlord  
  54  3:58  Overlord  
  54  3:59  Drone  
  55  4:02  Extractor  
  55  4:03  Drone x2  
  55  4:06  Drone  
  55  4:07  Drone  
  58  4:15  Overlord  
  58  4:18  Drone x6  
  58  4:21  Zergling x4  
  58  4:22  Zergling x2  
  58  4:24  Zergling x2  
  68  4:28  Extractor, Drone x2  
  68  4:29  Drone  
  70  4:38  Spire, Drone x2  
  70  4:42  Drone x3  
  74  4:46  Drone  
  74  4:49  Drone x3  
  74  4:50  Overlord  
  74  4:51  Overlord  
  78  4:59  Drone  
  79  5:01  Queen  
  81  5:08  Spore Crawler, Queen  
  81  5:09  Spore Crawler  
  81  5:11  Zergling x2  
  81  5:12  Zergling x12  
  88  5:18  Overlord  
  88  5:20  Spore Crawler  
  87  5:28  Zergling x2  
  87  5:29  Zergling x10  
  87  5:34  Overlord, Hatchery  
  80  5:45  Drone x6  
  85  5:52  Extractor  
  85  5:54  Extractor  
  83  5:59  Overlord  
  83  6:06  Corruptor x6  
  95  6:11  Roach Warren  
  95  6:12  Corruptor  
  95  6:14  Corruptor, Evolution Chamber x2  
  96  6:20  Corruptor x2  
  96  6:24  Drone x2  
  102  6:30  Drone x5  
  107  6:37  Zerg Flyer Weapons Level 1  
  107  6:38  Overlord  
  107  6:42  Drone x2  
  109  6:48  Overlord  
  109  6:51  Glial Reconstitution  
  109  6:52  Roach x5  
  119  6:55  Overlord  
  119  6:57  Roach x2  
  119  6:59  Roach x2  
  127  7:07  Drone x5  
  132  7:14  Drone x5  
  132  7:15  Drone  
  138  7:16  Zerg Missile Weapons Level 1  
  138  7:18  Zerg Ground Armor Level 1  
  138  7:20  Drone  
  138  7:21  Drone  
  138  7:22  Drone  
  141  7:26  Overlord  
  141  7:31  Roach  
  135  7:37  Overlord  
  135  7:42  Drone x6  
  135  7:43  Extractor, Drone x2  
  138  7:44  Extractor  
  138  7:48  Infestation Pit  
  138  7:49  Baneling Nest  
  138  7:50  Ravager x4  
  136  8:01  Corruptor x6  
  148  8:07  Corruptor  
  148  8:11  Zergling x4, Roach x3  
  158  8:22  Zergling x2  
  158  8:23  Overlord x4  
  158  8:26  Hive  
  159  8:31  Overlord  
  159  8:43  Zergling x20, Roach x2  
  159  8:44  Centrifical Hooks  
  159  8:47  Overlord, Pathogen Glands  
  171  8:51  Zergling x10, Roach  
  176  8:59  Overlord  
  176  9:00  Zergling x10  
  181  9:06  Zerg Flyer Armor Level 1  
  181  9:12  Zerg Missile Weapons Level 2  
  181  9:13  Zerg Melee Weapons Level 1  
  181  9:17  Spine Crawler  
  180  9:21  Hatchery  
  180  9:23  Infestor x2  
  183  9:24  Infestor x2  
  183  9:28  Roach x6  
  199  9:51  Baneling x5  
  199  9:52  Baneling x3  
  199  9:56  Hatchery  
  197  10:00  Burrow  
  197  10:01  Neural Parasite  
  193  10:08  Ravager x5  
  193  10:11  Zergling x4  
  194  10:37  Zergling x2  
  194  10:38  Zergling x16  
  194  10:39  Baneling x6  
  194  10:40  Baneling x2  
  158  10:57  Zergling x20, Roach x14  
  158  10:58  Zergling x4  
  191  11:05  Infestor x2  
  192  11:16  Extractor  
  192  11:18  Extractor  
  190  11:19  Spire, Zerg Ground Armor Level 2  
  190  11:21  Greater Spire  
  190  11:24  Drone x3  
  190  11:25  Zergling x16  
  199  11:43  Zergling x10  
  190  11:50  Infestor x5  
  200  11:57  Pneumatized Carapace  
  200  12:05  Baneling x9  
  194  12:15  Roach x9  
  194  12:22  Zergling x12, Roach  
  193  12:38  Infestor x7  
  193  12:41  Zerg Flyer Armor Level 2  
  193  12:42  Zerg Flyer Weapons Level 2  
  193  12:44  Zerg Melee Weapons Level 2  
  179  12:47  Corruptor x7  
  179  12:49  Zergling x2  
  179  12:50  Zergling x14  
  195  12:58  Zergling x2  
  195  12:59  Zergling x12  
  196  13:05  Zergling x10  
  196  13:06  Zergling x4  
  196  13:10  Zergling x2  
  196  13:11  Zergling x2  
  185  13:31  Zergling x2, Roach x6  
  185  13:32  Zergling x10  
  164  13:50  Roach x4  
  164  13:54  Hatchery  
  167  13:59  Roach  
  167  14:00  Roach x2  
  161  14:06  Hatchery  
  155  14:14  Zergling x14, Roach  
  139  14:25  Roach x3  
  139  14:26  Queen  
  139  14:30  Infestor x2  
  148  14:42  Zergling x6  
  151  14:48  Hatchery  
  154  14:52  Ravager x3  
  154  14:53  Ravager x3, Zergling x2  
  154  14:54  Zergling x4  
  148  15:01  Corruptor  
  148  15:02  Corruptor x6  
  161  15:11  Zerg Flyer Armor Level 3  
  159  15:21  Zergling x14  
  166  15:24  Baneling x12  
  166  15:28  Drone x3  
  169  15:29  Drone x4  
  169  15:35  Zergling x12  
  179  15:41  Hatchery  
  178  15:52  Zergling x10, Roach  
  185  16:00  Roach  
  185  16:01  Zergling x14  
  173  16:12  Zergling x6, Roach  
  164  16:18  Roach  
  164  16:19  Roach  
  153  16:26  Roach x4  
  153  16:29  Infestor x3  
  156  16:33  Roach x4  
  148  16:45  Zergling x14, Roach  
  150  16:48  Queen  
  150  16:50  Queen  
  152  17:02  Zergling x26  
  165  17:12  Corruptor  
  165  17:13  Corruptor x6  
  179  17:23  Ravager x3  
  179  17:25  Baneling x7  
  179  17:27  Baneling x8  
  181  17:37  Zergling x2, Roach x12  
  189  18:04  Hatchery  
  168  18:27  Infestor x3  
  172  18:48  Hatchery  
  163  18:51  Infestor x2  
  161  19:01  Zergling x2  
  161  19:02  Zergling x42  
  171  19:09  Ravager x8  
Tags
 
Add a new tag
Caveats
  • Supply blocks, unpowered buildings, or Contaminate may cause inaccurate times.
  • Supply counts are checked every 10 seconds.